 Dungeon Crawl Stone Soup version 0.30-a0-394-g3e4acdb0ae (webtiles) character file.

Game seed: 713635609147167110

2691 ryw the Caller (level 9, -2/74 HPs)
             Began as a Hill Orc Summoner on Dec 6, 2022.
             Was an Initiate of Gozag.
             Engulfed by a steam dragon's steam (8 damage)
             ... on level 7 of the Dungeon.
             The game lasted 00:24:18 (9010 turns).

ryw the Caller (Hill Orc Summoner)                  Turns: 9010, Time: 00:24:18

Health: -2/74      AC:  7    Str: 17    XL:     9   Next: 65%
Magic:  5/16       EV: 14    Int: 19    God:    Gozag
Gold:   922        SH:  0    Dex: 17    Spells: 2/17 levels left

rFire   . . .      SeeInvis .    m - +5 whip (spect)
rCold   . . .      Faith    .    (no shield)
rNeg    . . .      Spirit   .    E - +0 robe
rPois   .          Reflect  .    (no helmet)
rElec   .          Harm     .    k - +1 cloak
rCorr   .          Rampage  .    g - +2 pair of gloves
Will    .....                    (no boots)
Stlth   ++........               (no amulet)
HPRegen 0.32/turn                q - +6 ring of strength
MPRegen 0.15/turn                w - +6 ring of dexterity

@: about to teleport
A: no striking features
a: Renounce Religion, Potion Petition, Call Merchant, Bribe Branch


You were on level 7 of the Dungeon.
You worshipped Gozag.
Gozag was pleased with you.
You visited 2 branches of the dungeon, and saw 8 of its levels.

You collected 1034 gold pieces.
You spent 41 gold pieces at shops.
You paid 71 gold pieces to Gozag.

Inventory:

Hand Weapons
 m - a +5 spectral whip (weapon)
Armour
 d - a +0 kite shield
 g - a +2 pair of gloves (worn)
 k - a +1 cloak (worn)
 E - a +0 robe (worn)
Jewellery
 o - a ring of positive energy
 q - a +6 ring of strength (left hand)
 w - a +6 ring of dexterity (right hand)
 D - a ring of protection from fire
Wands
 e - a wand of iceblast (11)
 s - a wand of charming (3)
 y - a wand of polymorph (9)
Scrolls
 f - 5 scrolls of teleportation
 v - a scroll of brand weapon
 x - 2 scrolls of magic mapping
 A - a scroll of fog
 B - a scroll of identify
Potions
 a - 2 potions of might
 b - a potion of magic
 c - a potion of lignification {unknown}
 h - a potion of cancellation {unknown}
 j - 3 potions of degeneration {unknown}
 l - 2 potions of flight {unknown}
 n - 3 potions of heal wounds {unknown}
 p - 2 potions of haste {unknown}
 r - 3 potions of curing {unknown}
 t - a potion of invisibility {unknown}
 u - 2 potions of attraction {unknown}
 z - 2 potions of brilliance {unknown}
 C - a potion of ambrosia {unknown}


   Skills:
 + Level 5.3 Fighting
 + Level 1.9 Maces & Flails
 + Level 4.2 Dodging
 - Level 1.5 Stealth
 + Level 4.7 Spellcasting
 + Level 4.4 Hexes
 + Level 7.2 Summonings
 + Level 3.4 Translocations
 + Level 1.3 Air Magic


You had 2 spell levels left.
You knew the following spells:

 Your Spells              Type           Power      Damage    Failure   Level
a - Call Canine Familiar  Summ           32%        N/A       1%          3
b - Call Imp              Summ           32%        N/A       1%          2
c - Summon Small Mammal   Summ           100%       N/A       1%          1
d - Summon Guardian Gole  Hex/Summ       26%        N/A       3%          3
e - Blink                 Tloc           34%        N/A       4%          2
f - Summon Lightning Spi  Summ/Air       20%        N/A       22%         4

Your spell library contained the following spells:

 Spells                   Type           Power      Damage    Failure   Level
 Momentum Strike          Conj/Tloc      22%        3d8       10%         2
 Beastly Appendage        Tmut           8%         N/A       13%         1
 Sublimation of Blood     Necr           4%         N/A       19%         2
 Wereblood                Tmut           4%         N/A       19%         2
 Tukima's Dance           Hex            21%        N/A       6%          3
 Lesser Beckoning         Tloc           34%        N/A       10%         3
 Passage of Golubria      Tloc           17%        N/A       30%         4
 Spider Form              Tmut/Pois      4%         N/A       36%         3
 Petrify                  Tmut/Erth      4%         N/A       77%         4
 Yara's Violent Unravell  Hex/Tmut       6%         3d5       82%         5
 Irradiate                Conj/Tmut      2%         3d12      98%         5


Dungeon Overview and Level Annotations

Branches:
Dungeon (7/15)             Temple (1/1) D:4

Altars:
Dithmenos
Gozag
Okawaru
Qazlal
Ru
Sif Muna
Uskayaw
Zin
The Shining One

Shops:
D:5 *(=(


Message History

Casting: Call Canine Familiar (safe; 1% risk of failure)
Confirm with . or Enter, or press ? or * to list all spells.
You miscast Summon Guardian Golem.
You are very lightly contaminated with residual magic.
Nothing appears to happen.
The steam dragon breathes steam at you. The ball of steam hits you!!
You hear a shout!
Your hound is engulfed in a cloud of scalding steam. x2
A hound comes into view.
The steam dragon breathes steam at you. The ball of steam misses you.
The hound is engulfed in a cloud of scalding steam.
Your iron imp barely misses the acid dragon.
The acid dragon spits acid at you. The splash of acid hits your hound!!
Your hound dies!
Your hound's corpse disappears in a puff of smoke!
Your iron imp closely misses the acid dragon.
Casting: Summon Guardian Golem (dangerous; 3% risk of failure)
Confirm with . or Enter, or press ? or * to list all spells.
A guardian golem appears, shielding your allies.
The steam dragon attacks as you move away!
The steam dragon bites you! The steam dragon closely misses you.
Your magical contamination has completely faded away.
The hound bites your guardian golem but does no damage.
The hound barely misses your guardian golem.
Your iron imp completely misses the acid dragon.
Casting: Summon Guardian Golem (dangerous; 3% risk of failure)
Confirm with . or Enter, or press ? or * to list all spells.
The hound bites your guardian golem. The steam dragon breathes steam at you.
The ball of steam hits you!!
* * * LOW HITPOINT WARNING * * *
Unknown command.
As you read the scroll of teleportation, it crumbles to dust.
You feel strangely unstable.
You are engulfed in a cloud of scalding steam.
You die...
Your body crumbles into a pile of gold.

#..§.............#..
#............... ###
#[.5............ #
#.......h....... #
#.Dh###.###..... ##
#..9# #.# ..... #.
#...# #.# ... #. #..D#
#.# #. ##h.@###.## #.
#...§.....## #.
##..#§#.#.#.# #.
#...........## #.
#..#.#.#.#.#.# #####.
#............###♣5♣~.P
#.#.#.#.#.#.#.#..≈~.~♣
#.................~~≈.
.#.#.#.#.#.#.#:..~~~~.


You could see a steam dragon (catching breath, ally target), an acid dragon
(ally target), a hound, a friendly guardian golem (summoned), a friendly hound
(summoned, sheltered) and a friendly iron imp (summoned, sheltered).

Vanquished Creatures
  An ice beast (D:6)
  2 centaurs
  2 phantoms
  A bullfrog (D:6)
  A kobold brigand (D:5)
  A jelly (D:5)
  A hound (D:5)
  An orc priest (D:6)
  An orc wizard (D:5)
  An iguana (D:6)
  3 gnolls (D:6)
  4 adders
  A shadow imp (D:7)
  An ufetubus (D:5)
  A worm (D:3)
  A dart slug (D:3)
  9 orcs
  2 ball pythons (D:2)
  A bat (D:1)
  2 endoplasms
  3 goblins
  A kobold (D:5)
  2 quokkas
  A frilled lizard (D:3)
  3 rats
47 creatures vanquished.

Vanquished Creatures (collateral kills)
  A water moccasin (D:6)
  2 ice beasts
  An orc warrior (D:6)
  2 ogres (D:7)
  A bullfrog (D:7)
  2 necrophages
  A scorpion (D:5)
  2 howler monkeys (D:7)
  A quasit (D:7)
  2 hounds
  2 orc priests (D:7)
  A jelly (D:7)
  A gnoll bouda (D:7)
  An iguana (D:5)
  3 orc wizards
  12 gnolls
  8 adders
  3 shadow imps (D:7)
  4 white imps
  An ufetubus (D:7)
  3 worms
  2 dart slugs
  14 orcs
  7 ball pythons
  6 endoplasms
  A giant cockroach (D:2)
  5 goblins
  5 hobgoblins
  2 jackals (D:5)
  5 kobolds
  2 quokkas
  5 bats
  4 frilled lizards
  6 rats
  A spectral goblin (D:2)
119 creatures vanquished.

Vanquished Creatures (others)
  A steam dragon (D:6)
  A centaur (D:6)
  A necrophage (D:6)
  A gnoll sergeant (D:6)
  A gnoll bouda (D:6)
  2 gnolls (D:6)
  A white imp (D:6)
  An ufetubus (D:6)
  4 demonic plants (D:7)
13 creatures vanquished.

Grand Total: 179 creatures vanquished

Notes
Turn   | Place    | Note
-------+----------+-------------------------------------------
     0 | D:1      | ryw the Hill Orc Summoner began the quest for the Orb.
     0 | D:1      | Reached XP level 1. HP: 14/14 MP: 3/3
   186 | D:1      | Reached XP level 2. HP: 20/20 MP: 1/4
   189 | D:1      | Learned a level 2 spell: Call Imp
  1096 | D:1      | Reached XP level 3. HP: 26/26 MP: 2/6
  1100 | D:1      | Learned a level 3 spell: Call Canine Familiar
  1467 | D:2      | Found a faded altar of an unknown god.
  1972 | D:2      | Reached XP level 4. HP: 24/33 MP: 0/7
  2183 | D:2      | Reached skill level 5 in Summonings
  2855 | D:3      | Reached XP level 5. HP: 31/38 MP: 3/9
  3681 | D:3      | Learned a level 3 spell: Summon Guardian Golem
  4122 | D:4      | Found a staircase to the Ecumenical Temple.
  4136 | Temple   | Entered the Ecumenical Temple
  4201 | Temple   | Became a worshipper of Gozag Ym Sagoz the Greedy
  4213 | D:4      | Noticed a centaur
  4226 | D:4      | Killed a centaur
  4227 | D:4      | Reached skill level 1 in Fighting
  4227 | D:4      | Reached skill level 1 in Hexes
  4227 | D:4      | Reached XP level 6. HP: 27/47 MP: 3/11
  4571 | D:4      | Found a sacrificial altar of Ru.
  4923 | D:5      | Entered Level 5 of the Dungeon
  5029 | D:5      | Found Weng's Jewellery Emporium.
  5076 | D:5      | Learned a level 2 spell: Blink
  5144 | D:5      | Found Esishod's Assorted Antiques.
  5147 | D:5      | Bought a yellow potion for 19 gold pieces
  5147 | D:5      | Bought a scroll labelled FOUPSE PIOKEIP for 22 gold pieces
  5230 | D:5      | Reached XP level 7. HP: 48/55 MP: 2/12
  5280 | D:5      | Reached skill level 6 in Summonings
  5280 | D:5      | Reached skill level 1 in Translocations
  5375 | D:5      | Found Norrikan's Weapon Shoppe.
  5413 | D:5      | Found Hecommio's Antique Weapon Shop.
  6034 | D:5      | Reached XP level 8. HP: 63/63 MP: 7/13
  7481 | D:6      | Reached XP level 9. HP: 17/72 MP: 15/15
  7743 | D:6      | Reached skill level 7 in Summonings
  7839 | D:6      | Learned a level 4 spell: Summon Lightning Spire
  8212 | D:7      | Reached skill level 1 in Maces & Flails
  8435 | D:7      | Reached skill level 5 in Fighting
  8551 | D:7      | Reached skill level 1 in Air Magic
  9010 | D:7      | Engulfed by a steam dragon's steam

Illustrated notes

Levels and vault maps discovered:
D:1:      dpeg_arrival_subterranean_lakeside_camping, layout_basic
D:2:      layout_basic, dreamdust_ecumenical_altar_drowned_temple
D:3:      minmay_general_purpose_star, layout_loops_cross, portal_sewer_entry_d
D:4:      layout_basic, mainiacjoe_overflow_alcove_4, temple_fountains
D:5:      layout_loops_ring, serial_shops, nicolae_shop_trees,
          nicolae_shop_statue_plus, shop, kennysheep_mini
D:6:      layout_rooms, kennysheep_opposing_triangles
D:7:      layout_basic, serial_demonic, serial_demonic_f, serial_demonic_g,
          serial_demonic_e, serial_demonic_g, minmay_misc_feat_nine_boxes,
          hex_medium
Temple:   regret_index_temple_mists

Skill      XL: |  1  2  3  4  5  6  7  8  9 |
---------------+----------------------------+-----
Spellcasting   | 2 3 4 |  4.7
Summonings     | 5 6 7 |  7.2
Fighting       | 1 2 3 4 5 |  5.3
Hexes          | 1 2 3 4 |  4.4
Dodging        | 2 3 4 |  4.2
Translocations | 1 2 3 |  3.4
Maces & Flails | 1 |  1.9
Air Magic      | 1 |  1.3
Stealth        | |  1.5

Action                   |  1- 3 |  4- 6 |  7- 9 || total
-------------------------+-------+-------+-------++-------
Melee: Unarmed           |     3 |       |       ||     3
       Dagger            |     8 |       |       ||     8
       Whip              |    24 |    73 |    79 ||   176
       Punch             |       |     2 |     1 ||     3
 Cast: Summon Small Mamm |    30 |    10 |     9 ||    49
       Call Imp          |    18 |    21 |    33 ||    72
       Call Canine Famil |    10 |    29 |    46 ||    85
       Summon Guardian G |       |       |    15 ||    15
       Blink             |       |       |     1 ||     1
  Use: Scroll            |       |    12 |     8 ||    20
 Stab: Distracted        |       |     3 |     3 ||     6
       Sleeping          |       |     1 |       ||     1
Armor: Robe              |    14 |    31 |    41 ||    86
Dodge: Dodged            |    50 |    58 |   102 ||   210

Table legend: (Time is in decaauts)
 A = Elapsed time spent in this place.
 B = Non-inter-level travel time spent in this place.
 C = Inter-level travel time spent in this place.
 D = Time resting spent in this place.
 E = Time spent auto-exploring this place.
 F = Levels seen in this place.
 G = Mean time per level.
                   A        B        C        D        E       F      G
               +--------+--------+--------+--------+--------+-----+--------+
         Total |   9059 |   8620 |    439 |    894 |   5946 |   8 | 1132.4 |
       Dungeon |   8971 |   8543 |    428 |    894 |   5896 |   7 | 1281.6 |
        Temple |     87 |     77 |     10 |      0 |     49 |   1 |   87.0 |
               +--------+--------+--------+--------+--------+-----+--------+

Top non-repeatable levels by time:
     D:3: 1750 daAuts
     D:5: 1664 daAuts
     D:6: 1481 daAuts
     D:1: 1399 daAuts
     D:2: 973 daAuts
     D:7: 954 daAuts
     D:4: 746 daAuts
  Temple: 87 daAuts
